 Dungeon Crawl Stone Soup version 0.24.1-8-ga250c9d538 (webtiles) character file.

Game seed: 4388580653494903148, levelgen mode: deterministic

305 Peloso the Covered (level 6, 38/48 HPs)
             Began as a Demonspawn Fighter on May 1, 2020.
             Got out of the dungeon alive.
             The game lasted 00:05:48 (1737 turns).

Peloso the Covered (Demonspawn Fighter)             Turns: 1737, Time: 00:05:49

Health: 38/48      AC: 10    Str: 18 (19) XL:     6   Next: 16%
Magic:  6/6        EV:  7    Int:  6 (9)  God:
Gold:   74         SH:  9    Dex: 11 (12) Spells: 5/5 levels left

rFire    . . .     SeeInvis .   a - +0 long sword
rCold    . . .     Gourm    .   c - +0 shield
rNeg     . . .     Faith    .   b - +0 scale mail
rPois    .         Spirit   +   (helmet restricted)
rElec    .         Reflect  .   (no cloak)
rCorr    .         Harm     .   j - +0 pair of gloves
MR       .....                  (no boots)
Stlth    ..........             (no amulet)
HPRegen  0.16/turn              l - +3 ring of slaying
MPRegen  0.10/turn              (no ring)

@: no status effects
A: horns 1, slimy green scales 1, magic shield
a: no special abilities


You escaped.
You were near starving.

You visited 1 branch of the dungeon, and saw 7 of its levels.
You also visited: Sewer.

You collected 74 gold pieces.

Inventory:

Hand Weapons
 a - a +0 long sword (weapon)
Armour
 b - a +0 scale mail (worn)
 c - a +0 shield (worn)
 j - a +0 pair of gloves (worn)
Jewellery
 l - a +3 ring of slaying (left hand)
Wands
 n - a wand of random effects (10)
 p - a wand of polymorph (4)
Scrolls
 e - 2 scrolls of teleportation
 g - 4 scrolls of identify
 h - a scroll of fog
 q - a scroll of remove curse
Potions
 d - 2 potions of might
Comestibles
 f - 6 rations


   Skills:
 + Level 3.8 Fighting
 + Level 3.1 Long Blades
 + Level 4.3 Armour
 + Level 0.9 Dodging
 + Level 0.2 Stealth
 + Level 3.7 Shields


You had 5 spell levels left.
You didn't know any spells.
Your spell library was empty.

Dungeon Overview and Level Annotations

Branches:
Dungeon (7/15)              Sewer (visited)
 Temple: D:4-7

Altars:
Fedhas


Innate Abilities, Weirdness & Mutations

You have a pair of small horns on your head.
You are partially covered in slimy green scales. (AC +2)
When hurt, damage is shared between your health and your magic reserves.


Message History

You kill the hobgoblin!
The ball python barely misses you.
You riposte.
You hit the ball python.
You kill the ball python!
Found a stone staircase leading down.
There is a stone staircase leading up here.
You climb upwards.
There is a stone staircase leading down here.
(D) Dungeon
Where to? (Enter - D:1 @ (x,y), ? - help)
Okay, then.
There is a stone staircase leading up here.
You climb upwards.
There is a stone staircase leading down here.
(D) Dungeon
Where to? (Enter - D:1 @ (x,y), ? - help)
What level of the Dungeon? (default 1, ? - help)
Your magical contamination has completely faded away.
There is a staircase leading out of the dungeon here.
Are you sure you want to leave the Dungeon?
This will make you lose the game!
You have escaped!

#...###.........###..#...#..
#..## ##.......## ##.#......
#..# #.......# #.###....
#..## ##.......## ##.# #....
#...###.........###..# ###.#
#....................# #.#
#....................# #.#
#....................## #.#
#..........@..........####.#
#.....).....................
#....................(######
#.....................#
##..###.........###...# #.##
##.......## ##(.# #.#
#.......# #..# #.##
##.......## ##..#
#..###.........###...#


There were no monsters in sight!

Vanquished Creatures
  Purgy (Sewer)
  A howler monkey (D:4)
  Natasha (thrice) (D:2)
  4 adders
  3 worms
  A dart slug (D:1)
  An orc (D:4)
  A ball python (D:3)
  2 bats
  2 giant cockroaches (D:1)
  4 goblins
  5 hobgoblins
  2 jackals (D:1)
  7 kobolds
  A quokka (D:4)
  12 frilled lizards
  4 rats
54 creatures vanquished.

Notes
Turn   | Place    | Note
-------+----------+-------------------------------------------
     0 | D:1      | Peloso the Demonspawn Fighter began the quest for the Orb.
     0 | D:1      | Reached XP level 1. HP: 18/18 MP: 1/1
    96 | D:1      | Gained mutation: You have a pair of small horns on your
                  | head. [demonic ancestry]
    96 | D:1      | Reached XP level 2. HP: 16/24 MP: 2/2
   181 | D:1      | Reached skill level 3 in Armour
   586 | D:2      | Gained mutation: When hurt, damage is shared between your
                  | health and your magic reserves. [demonic ancestry]
   586 | D:2      | Reached XP level 3. HP: 28/29 MP: 3/3
   741 | D:2      | Noticed Natasha
   748 | D:2      | Killed Natasha
   748 | D:2      | Reached XP level 4. HP: 18/35 MP: 4/4
   917 | D:2      | Noticed Natasha
   926 | D:2      | Killed Natasha
   946 | D:2      | Noticed Natasha
   952 | D:2      | Killed Natasha
  1056 | D:2      | Reached XP level 5. HP: 21/41 MP: 2/5
  1243 | D:2      | Found a blossoming altar of Fedhas.
  1387 | D:3      | You fall into a shaft and drop 1 floor!
  1457 | D:4      | You fall into a shaft and drop 3 floors!
  1478 | D:6      | Noticed a centaur
  1482 | D:5      | Entered Level 5 of the Dungeon
  1513 | D:4      | Reached skill level 4 in Armour
  1543 | D:4      | Found a glowing drain.
  1572 | Sewer    | Entered a sewer
  1600 | Sewer    | Noticed Purgy
  1615 | Sewer    | Killed Purgy
  1615 | Sewer    | Gained mutation: You are partially covered in slimy green
                  | scales. (AC +2) [demonic ancestry]
  1615 | Sewer    | Reached XP level 6. HP: 27/48 MP: 4/6
  1737 | D:$      | Got out of the dungeon alive.

Levels and vault maps discovered:
D:1:      minmay_arrival_four_circles, layout_basic
D:2:      layout_rooms, fedhas_altar_2, uniq_natasha
D:3:      layout_rooms, gammafunk_temple_overflow_claw
D:4:      layout_basic, minmay_temple_entry_grid, first_ration,
          cheibrodos_sewer_entry_bend
D:5:      layout_loops_ring
D:6:      layout_loops_ring
D:7:      layout_basic, nemelex_xobeh_ov_fountains_minmay, basic_altar,
          serial_shops, shop

Skill      XL: |  1  2  3  4  5 |
---------------+----------------+-----
Armour         | 3 4 |  4.3
Shields        | 3 |  3.7
Long Blades    | 2 3 |  3.1
Fighting       | |  3.8
Dodging        | |  0.9
Stealth        | |  0.2

Action                   |  1- 3 |  4- 6 || total
-------------------------+-------+-------++-------
Melee: Long sword        |    85 |    85 ||   170
       Headbutt          |    12 |    17 ||    29
  Use: Potion            |     3 |     3 ||     6
       Scroll            |       |     5 ||     5
  Eat: Chunk             |       |     1 ||     1
Armor: Scale mail        |    63 |    37 ||   100
Dodge: Dodged            |    22 |    23 ||    45
Block: Shield            |    62 |    40 ||   102
       Rpst.: Long sword |    11 |     5 ||    16
